General information
- name: BNet
- type: Ladder team game (AT/RT)
- host: Battle.net
- saver: GapInTheTooth
map: Highperch
- players: 6
- length: 55:48
- speed: Fast
- version: 1.21 W3XP
- replay type: Public
» download(299 KB)
Players
team 1 (loser)
Coopcakes (
blue | 34 APM | 1915 actions | 55:46)
4 Far Seer
2 Feral Spirit
1 Far Sight
1 Chain Lighting
2 Goblin Tinker
1 Pocket Factory
1 Engineering Upgrade
» actions
| Assign group hotkey | 18 | |
| Basic commands | 15 | |
| Build / train | 58 | |
| Enter build submenu | 18 | |
| Enter hero's abilities submenu | 6 | |
| Remove unit from queue | 1 | |
| Right click | 1095 | |
| Select / deselect | 431 | |
| Select group hotkey | 187 | |
| Use ability | 84 | |
1915 total
» units
| Peon | 16 | |
| Troll Batrider | 11 | |
| Raider | 9 | |
36 total
» upgrades
| Armor | 2 | |
| Ranged Weapons | 2 | |
| Liquid Fire | 1 | |
| Ensnare | 1 | |
| Melee Weapons | 1 | |
7 total
» buildings
| Altar of Storms | 1 | |
| Orc Burrow | 7 | |
| War Mill | 1 | |
| Watch Tower | 5 | |
| Stronghold | 1 | |
| Voodoo Lounge | 1 | |
| Fortress | 1 | |
| Beastiary | 2 | |
| Great Hall | 1 | |
20 total
» build order
00:08 Altar of Storms
00:10 Orc Burrow
00:35 War Mill
01:26 Orc Burrow
03:24 Watch Tower
03:26 Watch Tower
04:08 Stronghold
04:15 Voodoo Lounge
05:52 Watch Tower
05:57 Watch Tower
06:15 Watch Tower
06:35 Fortress
06:39 Beastiary
07:58 Beastiary
08:01 Orc Burrow
08:03 Orc Burrow
08:05 Orc Burrow
10:00 Orc Burrow
10:02 Orc Burrow
20:13 Great Hall
» items
| Healing Salve | 1 | |
| Lesser Clarity Potion | 1 | |
| Scroll of Town Portal | 1 | |
| Scroll of Speed | 1 | |
4 total

»
Sukipants (
yellow | 41 APM | 2259 actions | 55:18)
7 Blademaster
3 Wind Walk
3 Critical Strike
1 Bladestorm
4 Far Seer
1 Far Sight
2 Feral Spirit
1 Chain Lighting
» actions
| Basic commands | 7 | |
| Build / train | 68 | |
| Enter build submenu | 36 | |
| Enter hero's abilities submenu | 12 | |
| Remove unit from queue | 1 | |
| Right click | 1180 | |
| Select / deselect | 803 | |
| Use ability | 151 | |
2259 total
» units
» upgrades
| Ranged Weapons | 3 | |
| Armor | 1 | |
| Burning Oil | 1 | |
5 total
» buildings
| Orc Burrow | 8 | |
| Altar of Storms | 2 | |
| Barracks | 2 | |
| War Mill | 2 | |
| Stronghold | 1 | |
| Watch Tower | 10 | |
| Fortress | 1 | |
| Great Hall | 4 | |
| Voodoo Lounge | 1 | |
| Beastiary | 2 | |
33 total
» build order
00:11 Orc Burrow
00:29 Altar of Storms
00:46 Barracks
01:35 Orc Burrow
01:58 War Mill
02:59 Stronghold
04:09 Barracks
04:46 Watch Tower
04:51 Watch Tower
05:38 Orc Burrow
05:41 Orc Burrow
08:22 Fortress
10:12 Orc Burrow
12:31 Watch Tower
12:46 Orc Burrow
12:48 Orc Burrow
15:23 Great Hall
15:39 Voodoo Lounge
15:50 War Mill
19:06 Great Hall
22:08 Beastiary
22:12 Beastiary
30:09 Great Hall
34:21 Watch Tower
34:24 Watch Tower
34:28 Watch Tower
34:54 Watch Tower
37:27 Watch Tower
37:33 Altar of Storms
37:36 Watch Tower
40:37 Orc Burrow
44:47 Great Hall
45:55 Watch Tower
» items
| Healing Salve | 5 | |
| Orb of Lightning | 1 | |
| Lesser Clarity Potion | 5 | |
| Scroll of Speed | 1 | |
| Scroll of Town Portal | 3 | |
| Potion of Healing | 1 | |
| Potion of Mana | 1 | |
| Staff of Teleportation | 1 | |
| Potion of Lesser Invulnerability | 1 | |
| Dust of Appearance | 1 | |
20 total
YoCliff (
pink | 38 APM | 2118 actions | 55:35)
3 Archmage
1 Summon Water Elemental
1 Brilliance Aura
1 Blizzard
» actions
| Assign group hotkey | 1 | |
| Basic commands | 45 | |
| Build / train | 81 | |
| Enter build submenu | 42 | |
| Enter hero's abilities submenu | 3 | |
| Right click | 825 | |
| Select / deselect | 1038 | |
| Select group hotkey | 2 | |
| Use ability | 80 | |
2118 total
» units
| Peasant | 9 | |
| Footman | 2 | |
| Mortar Team | 2 | |
| Siege Engine | 7 | |
| Flying Machine | 17 | |
| Gryphon Rider | 4 | |
41 total
» upgrades
| Gunpowder | 3 | |
| Masonry | 2 | |
| Lumber Harvesting | 2 | |
| Plating | 3 | |
| Swords | 1 | |
| Barrage | 1 | |
| Flying Machine Bombs | 1 | |
| Flak Cannons | 1 | |
14 total
» buildings
| Farm | 11 | |
| Barracks | 1 | |
| Altar of Kings | 1 | |
| Lumber Mill | 2 | |
| Scout Tower | 22 | |
| Guard Tower | 12 | |
| Arcane Tower | 2 | |
| Keep | 1 | |
| Blacksmith | 1 | |
| Arcane Vault | 1 | |
| Workshop | 6 | |
| Castle | 1 | |
| Gryphon Aviary | 2 | |
63 total
» build order
00:08 Farm
00:10 Farm
00:16 Barracks
00:24 Altar of Kings
01:18 Lumber Mill
01:48 Farm
02:10 Farm
02:39 Scout Tower
02:40 Scout Tower
03:18 Guard Tower
03:35 Scout Tower
03:58 Guard Tower
04:05 Scout Tower
04:20 Scout Tower
04:29 Guard Tower
04:32 Scout Tower
05:00 Arcane Tower
05:04 Guard Tower
05:08 Scout Tower
05:36 Guard Tower
05:41 Keep
05:46 Farm
05:47 Farm
05:49 Farm
05:51 Scout Tower
06:11 Blacksmith
06:28 Arcane Vault
07:32 Farm
08:00 Scout Tower
08:00 Scout Tower
08:10 Scout Tower
08:11 Scout Tower
08:38 Guard Tower
08:41 Guard Tower
08:49 Guard Tower
09:14 Guard Tower
09:24 Scout Tower
09:25 Scout Tower
10:14 Workshop
10:21 Workshop
10:40 Workshop
11:00 Guard Tower
11:39 Castle
12:56 Workshop
13:23 Lumber Mill
14:49 Gryphon Aviary
15:39 Gryphon Aviary
16:37 Workshop
17:20 Workshop
17:47 Farm
17:54 Scout Tower
17:54 Scout Tower
17:55 Scout Tower
17:56 Scout Tower
17:56 Scout Tower
17:58 Scout Tower
17:59 Scout Tower
19:32 Farm
19:42 Guard Tower
20:54 Farm
21:56 Guard Tower
42:49 Scout Tower
43:16 Arcane Tower
» items
| Ivory Tower | 5 | |
| Scroll of Regeneration | 1 | |
6 total
team 2 (winner)
fineX. (
green | 69 APM | 3848 actions | 55:47)
7 Blademaster
3 Wind Walk
3 Critical Strike
1 Bladestorm
» actions
| Assign group hotkey | 45 | |
| Basic commands | 2 | |
| Build / train | 59 | |
| Enter build submenu | 45 | |
| Enter hero's abilities submenu | 7 | |
| Give item / drop item | 2 | |
| Remove unit from queue | 5 | |
| Right click | 2316 | |
| Select / deselect | 478 | |
| Select group hotkey | 590 | |
| Use ability | 299 | |
3848 total
» units
| Peon | 11 | |
| Troll Batrider | 19 | |
| Raider | 4 | |
34 total
» upgrades
| Liquid Fire | 2 | |
| Ensnare | 1 | |
| Pillage | 1 | |
4 total
» buildings
| Altar of Storms | 1 | |
| Orc Burrow | 7 | |
| War Mill | 1 | |
| Watch Tower | 34 | |
| Voodoo Lounge | 2 | |
| Stronghold | 1 | |
| Fortress | 1 | |
| Beastiary | 2 | |
49 total
» build order
00:06 Altar of Storms
00:09 Orc Burrow
00:46 War Mill
02:10 Watch Tower
02:12 Watch Tower
02:43 Watch Tower
03:15 Watch Tower
03:17 Watch Tower
04:29 Watch Tower
04:30 Watch Tower
04:39 Watch Tower
05:33 Watch Tower
05:34 Watch Tower
05:35 Watch Tower
05:40 Watch Tower
05:49 Watch Tower
05:50 Watch Tower
06:01 Watch Tower
06:04 Watch Tower
06:08 Watch Tower
06:08 Watch Tower
06:09 Watch Tower
06:13 Watch Tower
06:21 Watch Tower
06:40 Watch Tower
07:00 Watch Tower
07:01 Watch Tower
07:49 Watch Tower
07:50 Watch Tower
07:50 Watch Tower
08:20 Voodoo Lounge
08:22 Stronghold
08:59 Watch Tower
09:00 Watch Tower
10:23 Orc Burrow
10:23 Orc Burrow
10:24 Orc Burrow
10:24 Orc Burrow
10:41 Watch Tower
10:42 Watch Tower
10:44 Watch Tower
10:45 Watch Tower
11:30 Orc Burrow
11:34 Orc Burrow
11:43 Fortress
11:47 Beastiary
12:32 Beastiary
13:59 Watch Tower
17:04 Voodoo Lounge
» items
| Staff of Teleportation | 1 | |
| Boots of Speed | 1 | |
| Potion of Lesser Invulnerability | 1 | |
| Orb of Lightning | 1 | |
| Potion of Healing | 1 | |
| Lesser Clarity Potion | 1 | |
6 total
GapInTheTooth (
orange | 48 APM | 2661 actions | 55:48)
8 Blood Mage
3 Flame Strike
3 Siphon Mana
1 Summon Phoenix
1 Banish
» actions
| Assign group hotkey | 8 | |
| Basic commands | 194 | |
| Build / train | 85 | |
| ESC pressed | 25 | |
| Enter build submenu | 49 | |
| Enter hero's abilities submenu | 8 | |
| Give item / drop item | 1 | |
| Right click | 1200 | |
| Select / deselect | 757 | |
| Select group hotkey | 102 | |
| Use ability | 228 | |
2661 total
» units
| Peasant | 17 | |
| Mortar Team | 4 | |
| Sorceress | 2 | |
23 total
» upgrades
| Masonry | 3 | |
| Magic Sentry | 1 | |
| Gunpowder | 3 | |
| Lumber Harvesting | 2 | |
| Sorceress Training | 2 | |
| Fragmentation Shards | 1 | |
| Flare | 1 | |
13 total
» buildings
| Lumber Mill | 1 | |
| Scout Tower | 73 | |
| Altar of Kings | 1 | |
| Farm | 5 | |
| Guard Tower | 25 | |
| Keep | 1 | |
| Blacksmith | 1 | |
| Arcane Sanctum | 1 | |
| Castle | 1 | |
| Workshop | 2 | |
| Town Hall | 2 | |
| Cannon Tower | 5 | |
| Arcane Vault | 1 | |
119 total
» build order
00:16 Lumber Mill
00:46 Scout Tower
00:50 Scout Tower
00:52 Scout Tower
00:53 Scout Tower
00:57 Scout Tower
00:59 Scout Tower
01:00 Scout Tower
01:04 Scout Tower
01:05 Scout Tower
01:06 Scout Tower
01:08 Scout Tower
01:09 Scout Tower
01:10 Scout Tower
01:11 Scout Tower
01:12 Scout Tower
01:13 Scout Tower
01:15 Scout Tower
01:16 Scout Tower
01:16 Scout Tower
01:17 Scout Tower
01:44 Altar of Kings
01:52 Farm
02:03 Guard Tower
02:08 Guard Tower
02:21 Guard Tower
02:28 Scout Tower
02:28 Scout Tower
02:29 Scout Tower
02:29 Scout Tower
02:34 Farm
02:54 Guard Tower
03:16 Scout Tower
03:18 Guard Tower
03:20 Guard Tower
03:22 Scout Tower
03:23 Scout Tower
04:03 Guard Tower
04:49 Guard Tower
05:36 Scout Tower
05:38 Scout Tower
05:41 Scout Tower
05:50 Scout Tower
05:54 Scout Tower
05:59 Keep
06:05 Guard Tower
06:10 Scout Tower
06:31 Scout Tower
06:35 Guard Tower
06:37 Scout Tower
07:01 Guard Tower
07:06 Guard Tower
07:19 Scout Tower
08:14 Blacksmith
08:40 Farm
08:41 Farm
08:44 Arcane Sanctum
09:52 Castle
09:55 Workshop
09:58 Workshop
10:17 Farm
11:24 Scout Tower
11:25 Scout Tower
11:26 Scout Tower
11:28 Scout Tower
11:28 Scout Tower
11:29 Scout Tower
11:47 Scout Tower
11:47 Scout Tower
11:49 Scout Tower
11:50 Scout Tower
11:50 Scout Tower
11:57 Guard Tower
12:53 Guard Tower
13:10 Guard Tower
13:30 Guard Tower
13:33 Scout Tower
13:34 Scout Tower
13:34 Scout Tower
13:38 Town Hall
13:56 Scout Tower
13:57 Scout Tower
13:58 Scout Tower
14:31 Guard Tower
15:15 Guard Tower
15:17 Scout Tower
15:17 Scout Tower
16:07 Guard Tower
16:52 Scout Tower
17:25 Scout Tower
17:26 Scout Tower
17:28 Guard Tower
20:25 Scout Tower
20:46 Scout Tower
20:49 Guard Tower
21:04 Scout Tower
21:06 Cannon Tower
21:09 Scout Tower
21:13 Scout Tower
21:14 Scout Tower
21:17 Scout Tower
21:17 Scout Tower
21:19 Scout Tower
21:20 Scout Tower
22:09 Guard Tower
22:12 Cannon Tower
22:25 Cannon Tower
22:28 Scout Tower
22:29 Scout Tower
22:29 Scout Tower
23:16 Cannon Tower
23:20 Scout Tower
23:20 Scout Tower
24:26 Cannon Tower
26:49 Guard Tower
28:24 Arcane Vault
41:57 Town Hall
49:20 Guard Tower
49:21 Guard Tower
» items
| Staff of Teleportation | 1 | |
| Potion of Lesser Invulnerability | 1 | |
| Boots of Speed | 1 | |
| Orb of Lightning | 1 | |
| Scroll of Town Portal | 2 | |
| Mechanical Critter | 2 | |
8 total
JohnFKennedy (
purple | 58 APM | 3254 actions | 55:47)
10 Warden
3 Shadow Strike
3 Blink
1 Spirit of Vengeance
3 Fan of Knives
» actions
| Assign group hotkey | 13 | |
| Basic commands | 11 | |
| Build / train | 76 | |
| Enter build submenu | 19 | |
| Enter hero's abilities submenu | 10 | |
| Give item / drop item | 7 | |
| Remove unit from queue | 9 | |
| Right click | 2324 | |
| Select / deselect | 518 | |
| Select group hotkey | 10 | |
| Use ability | 256 | |
3254 total
» units
| Wisp | 18 | |
| Druid of the Talon | 16 | |
| Hippogryph | -2 | |
32 total
» upgrades
| Druid of the Talon Training | 2 | |
| Strength of the Wild | 3 | |
| Reinforced Hides | 2 | |
| Mark of the Talon | 1 | |
| Well Spring | 1 | |
9 total
» buildings
| Altar of Elders | 1 | |
| Moon Well | 12 | |
| Tree of Ages | 1 | |
| Tree of Eternity | 1 | |
| Ancient of Wind | 2 | |
| Hunter's Hall | 1 | |
| Tree of Life | 1 | |
| Ancient of Wonders | 1 | |
20 total
» build order
00:09 Altar of Elders
00:17 Moon Well
01:40 Moon Well
03:05 Moon Well
04:38 Moon Well
05:34 Moon Well
06:17 Moon Well
06:21 Tree of Ages
07:48 Moon Well
07:50 Moon Well
07:50 Moon Well
08:34 Moon Well
08:45 Tree of Eternity
09:10 Ancient of Wind
09:47 Moon Well
10:21 Ancient of Wind
13:39 Hunter's Hall
27:48 Tree of Life
39:43 Ancient of Wonders
52:53 Moon Well
» items
| Tiny Great Hall | 2 | |
| Boots of Speed | 1 | |
| Staff of Teleportation | 1 | |
| Ivory Tower | 7 | |
| Orb of Lightning | 1 | |
| Moonstone | 1 | |
13 total
Chat log
(02:53 / All) YoCliff: AHAHAHA
(03:00 / All) JohnFKennedy: im not good at this game
(03:54 / All) YoCliff: Phat lewt!
(09:28 / All) YoCliff: LMfao
(09:33 / All) YoCliff: This is the best game ive ever played in
(14:07 / All) YoCliff: errr k
(40:15 / All) Sukipants: well fuck
(41:52 / All) Coopcakes: lol. damn purp
(41:56 / All) fineX.: l2perch?
(42:39 / All) fineX.: STEALTH
(42:41 / All) fineX.: STEALTH WOLVES
(51:20 / All) Sukipants: o ffs
(51:26 / All) GapInTheTooth: go home
(51:34 / All) GapInTheTooth: spend christmas with your family
(51:35 / All) YoCliff: lol
(51:40 / All) GapInTheTooth: get off the computer
(51:44 / All) Sukipants: I celebrate orthadox
(51:47 / All) Sukipants: on the 7th
(51:52 / All) Sukipants: i went to work this morning
(52:07 / All) GapInTheTooth: obviously you dont work as a pro gamer
(52:18 / All) Sukipants: What kind of a moron would play this on x mas?
(52:23 / All) JohnFKennedy: you
(52:24 / All) Coopcakes: my mommy does though
(52:25 / All) YoCliff: So like, when you pump my gas tomorrow, whos gunna be crying then
(52:26 / All) YoCliff: lol
(52:29 / All) Sukipants: this isnt my xmas foo
(52:34 / All) JohnFKennedy: Im jewish, dont celebrate christmas
(52:51 / All) GapInTheTooth: yeah they celebrate the death of jesus, not his birth
(52:53 / All) fineX.: LOL i got beat at computer game therefore opponent must be a lower class of citizen LOL i am upper middle class i am better!
(53:04 / All) YoCliff: Exactly
(53:05 / All) GapInTheTooth: high five!
(53:05 / All) JohnFKennedy: you guys lost to towers
(53:06 / All) JohnFKennedy: lol
(53:07 / All) YoCliff: This man, will go far
(53:15 / All) fineX.: learn to tower plz
(53:27 / All) GapInTheTooth: you guys tried a shitty gimmick, and got beaten by a better version of the same gimmick
(53:29 / All) YoCliff: Pump my gas please
(53:40 / All) fineX.: i pumped your mother
(53:40 / All) YoCliff: And wash my windows while your at it
(53:42 / All) fineX.: not with gas though
(53:56 / All) YoCliff: Grats, you now have, HIV B and C
(54:07 / All) JohnFKennedy: uh
(54:13 / All) fineX.: that means
(54:15 / All) Coopcakes: mm. You know what i like?
(54:15 / All) fineX.: you do too
(54:20 / All) fineX.: :awesome:
(54:24 / All) Coopcakes: I like bacon. that shit is good.
(54:25 / All) JohnFKennedy: faggo
(54:25 / All) YoCliff: Wrong, Concieved before
(54:32 / All) YoCliff: So, have fun with that my friends
(54:51 / All) fineX.: he's so bitter at being beaten at his own gimmick :<
(54:59 / All) Coopcakes: Yocliff lost his virginity beofre his father
(55:04 / All) YoCliff: Who said I was bitter?
(55:11 / All) YoCliff: You said you fucked my mother...? lol
(55:28 / All) Coopcakes: peace
(55:30 / All) Coopcakes: gg
(55:34 / All) JohnFKennedy: bad players
(55:43 / All) Coopcakes: or players having fun ;)